 Dungeon Sprint DCSS version 0.17-a0-1830-g81820eb (webtiles) character file.

17740 Kidiri the Peltast (level 12, -14/81 HPs)
             Began as a Gargoyle Fighter on Sept 13, 2015.
             Was a High Priest of Okawaru.
             Killed from afar by a fire dragon (23 damage)
             ... with a blast of flame
             ... in the Dungeon (Sprint III: "The Ten Rune Challenge").
             The game lasted 00:21:19 (6208 turns).

Kidiri the Peltast (Gargoyle Fighter)               Turns: 6208, Time: 00:21:20

Health: -14/81     AC: 24    Str: 19    XL:     12   Next: 51%
Magic:  17/21      EV: 17    Int: 11    God:    Okawaru [*****.]
Gold:   22         SH: 16    Dex: 13    Spells: 0 memorised, 11 levels left

rFire  . . .     SeeInvis .     a - +0 flail
rCold  + . .     Clarity  .     e - +4 scale mail {rC+}
rNeg   + . .     SustAt   .     c - +0 shield
rPois  ∞         Gourm    .     (no helmet)
rElec  +         Spirit   .     (no cloak)
rCorr  .         Warding  .     (no gloves)
rMut   .         NoTele   +     (no boots)
MR     .....                    (no amulet)
Stlth  +.........               (no ring)
                                (no ring)

@: heroism, finesse, not resistant to hostile enchantments, very unstealthy
A: high mp 1, negative energy resistance 1, electricity resistance, unbreathing,
petrification resistance, rot immunity, AC +8
a: Heroism, Finesse, Renounce Religion


You were in the Dungeon.
You worshipped Okawaru.
Okawaru was extremely pleased with you.
You were not hungry.

You visited 1 branch You collected 22 gold pieces.

Inventory:

Hand weapons
 a - a +0 flail (weapon)
Missiles
 d - 4 javelins of returning
 q - 9 throwing nets
 r - 7 javelins of penetration (quivered)
Armour
 c - a +0 shield (worn)
 e - a +4 scale mail of cold resistance (worn)
Magical devices
 u - a wand of enslavement (11)
Scrolls
 n - 2 scrolls of holy word {unknown}
 o - 2 scrolls of recharging {unknown}
 p - 3 scrolls of remove curse
Potions
 g - a potion of cure mutation
 i - 3 potions of magic
 m - 3 potions of flight
Comestibles
 b - 25 royal jellies
 f - 5 chunks of flesh
 j - 3 fruits


   Skills:
 + Level 12.2(17.2) Fighting
 * Level 14.4(19.4) Maces & Flails
 + Level 6.2(11.2) Throwing
 * Level 15.8(20.8) Armour
 + Level 9.2(14.2) Dodging
 * Level 16.0(21.0) Shields
 + Level 10.5 Invocations


You had 11 spell levels left.
You didn't know any spells.

Dungeon Overview and Level Annotations

Branches:
Dungeon (1/1)

Altars:
Cheibriados
Dithmenos
Elyvilon
Fedhas
Gozag
Kikubaaqudgha
Makhleb
Nemelex Xobeh
Okawaru
Qazlal
Ru
Sif Muna
Trog
Vehumet
Xom
Yredelemnul
Zin
The Shining One
Jiyva
Lugonu


Innate Abilities, Weirdness & Mutations

You are resistant to torment.
Your stone body is resilient (AC +8).
You are immune to poison.
You resist negative energy.
You are resistant to electric shocks.
You can survive without breathing.
You are immune to petrification.
You are immune to rotting.
You have an increased reservoir of magic (+10% MP).


Message History

Unknown command.
You hit the fire dragon but do no damage.
The fire dragon is moderately wounded.
Drink which item? (? for menu, Esc to quit)
Okay, then.
You enter the shallow water.
Moving in this stuff is going to be slow.
The fire dragon breathes flames at you.
The blast of flame hits the fire dragon.
The fire dragon resists.
The blast of flame hits you!
* * * LOW HITPOINT WARNING * * *
The fire dragon bites you but does no damage.
The fire dragon claws you but does no damage.
You block the fire dragon's attack.
Unknown command.
Unknown command.
Unknown command.
The fire dragon breathes flames at you. The blast of flame hits you!
You die...

#≈≈≈§.≈≈≈≈♣
###+♣♣♣♣♣♣♣
#+####'#######♣
♣♣♣♣.##..##≈
...............♣♣
♣...##.##.#≈
#+#############'♣
♣♣.##.##.##+
#≈P....%.%(..♣
♣..#.##...#
.+≈≈...########♣♣
♣♣.##.##.[#
.J#≈≈≈.........PP♣
♣♣.##.#####
J.#≈≈≈≈P..PP....P♣
♣.....##...
###########@####
########+## #.♣♣
▓... #♣D♣ ▓w≈.
♣D♣♣ ▓≈≈X ♣♣≈♣
▓≈≈≈ ♣.♣♣ ▓≈≈≈
♣D♣♣ ▓≈≈≈ ♣D.♣
▓≈≈≈ ♣♣D♣ ▓≈≈≈


You could see 2 fire dragons.

Vanquished Creatures
  Rupert (D)
  Maud (D)
  2 hydras (D)
  Erolcha (D)
  4 death yaks (D)
  A death drake (D)
  A spriggan druid (D)
  A lindwurm (D)
  2 black mambas (D)
  A komodo dragon (D)
  2 spiny frogs (D)
  3 wandering mushrooms (D)
  A deep elf priest (D)
  8 blink frogs (D)
  A queen bee (D)
  2 trapdoor spiders (D)
  A snapping turtle (D)
  4 redbacks (D)
  2 spriggans (D)
  A shadow (D)
  2 hill giants (D)
  A spatial vortex (D)
  A swamp drake (D)
  A necrophage (D)
  2 brain worms (D)
  3 two-headed ogres (D)
  A water elemental (D)
  32 killer bees (D)
  A jelly (D)
  A wizard (D)
  3 humans (D)
  A necromancer (D)
  A kobold demonologist (D)
  2 oozes (D)
  A phantom (D)
  2 rats (D)
95 creatures vanquished.

Vanquished Creatures (others)
  2 draconian scorchers (D)
  3 yaktaurs (D)
  3 fire drakes (D)
  An electric eel (D)
  A fungus (D)
  3 plants (D)
  15 tentacles (D)
  469 tentacle segments (D)
497 creatures vanquished.

Grand Total: 592 creatures vanquished

Notes
Turn   | Place    | Note
--------------------------------------------------------------
     0 | D        | Kidiri the Gargoyle Fighter began the quest for the Orb.
     0 | D        | Reached XP level 1. HP: 14/14 MP: 1/1
     7 | D        | Reached skill level 1 in Dodging
    13 | D        | Reached skill level 4 in Armour
    13 | D        | Reached XP level 2. HP: 17/19 MP: 2/2
    96 | D        | Reached XP level 3. HP: 1/24 MP: 3/3
   208 | D        | Killed a fire drake
   237 | D        | Killed a yaktaur
   290 | D        | Killed a white draconian scorcher
   403 | D        | Gained mutation: You have an increased reservoir of magic (+10% MP). [potion of mutation]
   403 | D        | Gained mutation: Your body sometimes deteriorates upon taking damage. [potion of mutation]
   403 | D        | Gained mutation: You are weak. (Str -2) [potion of mutation]
   404 | D        | Lost mutation: Your body sometimes deteriorates upon taking damage. [potion of cure mutation]
   404 | D        | Lost mutation: You are weak. (Str -2) [potion of cure mutation]
   405 | D        | Gained mutation: You expend magic power (3 MP) to strengthen your wands. [potion of mutation]
   405 | D        | Gained mutation: Armour fits poorly on your strangely shaped body. [potion of mutation]
   405 | D        | Gained mutation: Your flesh is cold resistant. [potion of mutation]
   406 | D        | Lost mutation: Your flesh is cold resistant. [potion of cure mutation]
   406 | D        | Lost mutation: Armour fits poorly on your strangely shaped body. [potion of cure mutation]
   406 | D        | Lost mutation: You expend magic power (3 MP) to strengthen your wands. [potion of cure mutation]
   430 | D        | Noticed a water elemental
   449 | D        | Killed a water elemental
   449 | D        | Reached skill level 5 in Armour
   449 | D        | Reached skill level 5 in Shields
   449 | D        | Reached XP level 4. HP: 21/30 MP: 4/4
   472 | D        | Killed a white draconian scorcher
   543 | D        | Found a radiant altar of Vehumet.
   544 | D        | Found a deep blue altar of Sif Muna.
   544 | D        | Found an ancient bone altar of Kikubaaqudgha.
   544 | D        | Noticed a wizard
   545 | D        | Noticed a neqoxec
   552 | D        | Noticed an orange demon
   558 | D        | Noticed a sixfirhy
   560 | D        | Reached skill level 6 in Shields
   562 | D        | Killed a wizard
   562 | D        | Reached skill level 5 in Fighting
   562 | D        | Reached skill level 5 in Maces & Flails
   562 | D        | Reached XP level 5. HP: 11/35 MP: 5/5
   825 | D        | Found an iron altar of Okawaru.
   826 | D        | Found a bloodstained altar of Trog.
   826 | D        | Noticed a human
   826 | D        | Noticed a human
   874 | D        | Killed a human
   874 | D        | Reached skill level 7 in Armour
   874 | D        | Reached XP level 6. HP: 25/41 MP: 6/6
   907 | D        | Killed a human
   907 | D        | Reached skill level 8 in Armour
   918 | D        | Became a worshipper of Warmaster Okawaru
  1015 | D        | Killed a yaktaur
  1027 | D        | Found a glowing silver altar of Zin.
  1028 | D        | Found a glowing golden altar of the Shining One.
  1028 | D        | Found a white marble altar of Elyvilon.
  1028 | D        | Noticed a deep elf priest
  1040 | D        | Killed a deep elf priest
  1040 | D        | Acquired Okawaru's first power
  1040 | D        | Reached skill level 9 in Armour
  1040 | D        | Reached XP level 7. HP: 16/47 MP: 6/9
  1258 | D        | Found a snail-covered altar of Cheibriados.
  1258 | D        | Noticed a necrophage
  1263 | D        | Killed a necrophage
  1264 | D        | Noticed a necromancer
  1264 | D        | Killed a necromancer
  1265 | D        | Found a basalt altar of Yredelemnul.
  1265 | D        | Found a blossoming altar of Fedhas.
  1328 | D        | Noticed a jelly
  1336 | D        | Killed a jelly
  1351 | D        | Noticed a shadow
  1370 | D        | Killed a shadow
  1370 | D        | Reached skill level 10 in Shields
  1370 | D        | Reached XP level 8. HP: 15/53 MP: 8/11
  1659 | D        | Found a stormy altar of Qazlal.
  1660 | D        | Noticed a spatial vortex
  1660 | D        | Found a sacrificial altar of Ru.
  1660 | D        | Found a burning altar of Makhleb.
  1660 | D        | Found a viscous altar of Jiyva.
  1660 | D        | Found a shimmering altar of Xom.
  1660 | D        | Found a shadowy altar of Dithmenos.
  1660 | D        | Found a sparkling altar of Nemelex Xobeh.
  1660 | D        | Found a corrupted altar of Lugonu.
  1660 | D        | Found an opulent altar of Gozag.
  1825 | D        | Killed a spatial vortex
  1825 | D        | Reached skill level 10 in Armour
  1825 | D        | Reached skill level 5 in Dodging
  1911 | D        | Noticed a two-headed ogre
  1911 | D        | Noticed a two-headed ogre
  1913 | D        | Noticed a two-headed ogre
  1924 | D        | Killed a two-headed ogre
  1927 | D        | Killed a two-headed ogre
  1937 | D        | Killed a two-headed ogre
  2048 | D        | Noticed a hill giant
  2062 | D        | Killed a hill giant
  2144 | D        | Noticed a hill giant
  2144 | D        | Noticed Erolcha
  2163 | D        | Killed a hill giant
  2182 | D        | Killed Erolcha
  2182 | D        | Reached skill level 10 in Maces & Flails
  2182 | D        | Reached skill level 11 in Armour
  2182 | D        | Reached skill level 5 in Invocations
  2182 | D        | Reached XP level 9. HP: 15/60 MP: 12/14
  2406 | D        | Noticed a trapdoor spider
  2408 | D        | Noticed a redback
  2422 | D        | Killed a trapdoor spider
  2423 | D        | Killed a redback
  2489 | D        | Killed a fire drake
  2587 | D        | Noticed a trapdoor spider
  2610 | D        | Killed a trapdoor spider
  2765 | D        | Noticed a killer bee
  2765 | D        | Noticed a killer bee
  2765 | D        | Noticed a killer bee
  2765 | D        | Noticed a killer bee
  2765 | D        | Noticed a killer bee
  2765 | D        | Noticed a killer bee
  2765 | D        | Noticed a killer bee
  2765 | D        | Noticed a killer bee
  2765 | D        | Noticed a killer bee
  2765 | D        | Noticed a killer bee
  2765 | D        | Noticed a killer bee
  2765 | D        | Noticed a killer bee
  2765 | D        | Noticed a killer bee
  2765 | D        | Noticed a killer bee
  2765 | D        | Noticed a killer bee
  2765 | D        | Noticed a killer bee
  2765 | D        | Noticed a killer bee
  2787 | D        | Killed a killer bee
  2795 | D        | Killed a killer bee
  2795 | D        | Reached skill level 12 in Shields
  2807 | D        | Killed a killer bee
  2812 | D        | Noticed a killer bee
  2818 | D        | Killed a killer bee
  2821 | D        | Killed a killer bee
  2842 | D        | Killed a killer bee
  2843 | D        | Noticed a queen bee
  2852 | D        | Killed a killer bee
  2855 | D        | Killed a killer bee
  2861 | D        | Killed a killer bee
  2866 | D        | Killed a queen bee
  2867 | D        | Noticed a killer bee
  2867 | D        | Killed a killer bee
  2867 | D        | Reached XP level 10. HP: 66/66 MP: 14/16
  2875 | D        | Killed a killer bee
  2879 | D        | Killed a killer bee
  2893 | D        | Killed a killer bee
  2894 | D        | Killed a killer bee
  2900 | D        | Killed a killer bee
  2903 | D        | Noticed a killer bee
  2903 | D        | Killed a killer bee
  2906 | D        | Killed a killer bee
  2907 | D        | Noticed a killer bee
  2910 | D        | Noticed a killer bee
  2910 | D        | Killed a killer bee
  2912 | D        | Noticed a killer bee
  2915 | D        | Killed a killer bee
  2919 | D        | Killed a killer bee
  2921 | D        | Noticed a killer bee
  2921 | D        | Noticed a killer bee
  2921 | D        | Noticed a killer bee
  2921 | D        | Noticed a killer bee
  2921 | D        | Noticed a killer bee
  2922 | D        | Noticed a killer bee
  2923 | D        | Noticed a killer bee
  2924 | D        | Noticed a killer bee
  2932 | D        | Killed a killer bee
  2939 | D        | Killed a killer bee
  2941 | D        | Killed a killer bee
  2944 | D        | Killed a killer bee
  2945 | D        | Killed a killer bee
  2946 | D        | Killed a killer bee
  2955 | D        | Killed a killer bee
  2958 | D        | Killed a killer bee
  2966 | D        | Killed a killer bee
  2971 | D        | Killed a killer bee
  2973 | D        | Killed a killer bee
  2986 | D        | Noticed a killer bee
  2990 | D        | Killed a killer bee
  3087 | D        | Noticed a wandering mushroom
  3091 | D        | Noticed a wandering mushroom
  3093 | D        | Noticed a wandering mushroom
  3118 | D        | Killed a wandering mushroom
  3134 | D        | Killed a wandering mushroom
  3134 | D        | Reached skill level 10 in Fighting
  3134 | D        | Reached skill level 13 in Shields
  3317 | D        | Killed a wandering mushroom
  3409 | D        | Noticed a spiny frog
  3409 | D        | Noticed a komodo dragon
  3409 | D        | Noticed a spiny frog
  3426 | D        | Killed a spiny frog
  3448 | D        | Killed a spiny frog
  3469 | D        | Killed a komodo dragon
  3544 | D        | Noticed a redback
  3548 | D        | Killed a redback
  3548 | D        | Received a gift from Okawaru
  3551 | D        | Noticed a brain worm
  3554 | D        | Killed a brain worm
  3559 | D        | Noticed a brain worm
  3562 | D        | Killed a brain worm
  3568 | D        | Noticed a lindwurm
  3569 | D        | Noticed a redback
  3589 | D        | Killed a lindwurm
  3589 | D        | Reached skill level 1 in Throwing
  3589 | D        | Reached XP level 11. HP: 28/73 MP: 18/18
  3598 | D        | Killed a redback
  3599 | D        | Noticed a redback
  3605 | D        | Killed a redback
  3898 | D        | Noticed Maud
  3935 | D        | Killed Maud
  3935 | D        | Reached skill level 14 in Armour
  3989 | D        | Noticed an electric eel
  3991 | D        | Noticed a seven-headed hydra
  3991 | D        | Noticed a five-headed hydra
  4011 | D        | Killed a five-headed hydra
  4011 | D        | Acquired Okawaru's second power
  4016 | D        | Killed a seven-headed hydra
  4227 | D        | Killed an electric eel
  4271 | D        | Noticed a death drake
  4299 | D        | Killed a death drake
  4303 | D        | Found a blossoming altar of Fedhas.
  4303 | D        | Noticed a spriggan
  4303 | D        | Noticed a spriggan druid
  4303 | D        | Noticed a spriggan
  4315 | D        | Killed a spriggan druid
  4319 | D        | Killed a spriggan
  4322 | D        | Killed a spriggan
  4374 | D        | Noticed a kraken
  4648 | D        | Noticed a snapping turtle
  4668 | D        | Killed a snapping turtle
  4794 | D        | Killed a yaktaur
  5260 | D        | Noticed a swamp drake
  5260 | D        | Noticed a fire drake
  5272 | D        | Killed a swamp drake
  5274 | D        | Killed a fire drake
  5312 | D        | Noticed a blink frog
  5312 | D        | Noticed a blink frog
  5328 | D        | Killed a blink frog
  5339 | D        | Killed a blink frog
  5344 | D        | Noticed a blink frog
  5344 | D        | Noticed a blink frog
  5344 | D        | Noticed a blink frog
  5365 | D        | Killed a blink frog
  5377 | D        | Killed a blink frog
  5377 | D        | Reached skill level 15 in Shields
  5389 | D        | Killed a blink frog
  5572 | D        | Noticed Rupert
  5624 | D        | Killed Rupert
  5624 | D        | Received a gift from Okawaru
  5624 | D        | Reached skill level 5 in Throwing
  5624 | D        | Reached skill level 15 in Armour
  5624 | D        | Reached XP level 12. HP: 20/80 MP: 19/21
  5886 | D        | Noticed a death yak
  5887 | D        | Noticed a death yak
  5887 | D        | Noticed a blink frog
  5887 | D        | Noticed a blink frog
  5888 | D        | Noticed a death yak
  5888 | D        | Noticed a blink frog
  5889 | D        | Noticed a death yak
  5897 | D        | Killed a blink frog
  5919 | D        | Killed a death yak
  5919 | D        | Reached skill level 10 in Invocations
  5938 | D        | Killed a death yak
  5938 | D        | Received a gift from Okawaru
  5957 | D        | Killed a death yak
  5971 | D        | Killed a death yak
  5985 | D        | Killed a blink frog
  5993 | D        | Noticed an azure jelly
  5993 | D        | Noticed a black mamba
  5993 | D        | Noticed an azure jelly
  5994 | D        | Noticed a black mamba
  6003 | D        | Killed a blink frog
  6020 | D        | Killed a black mamba
  6028 | D        | Killed a black mamba
  6028 | D        | Reached skill level 16 in Shields
  6065 | D        | Noticed a fire dragon
  6196 | D        | Noticed a fire dragon
  6201 | D        | Noticed a fire dragon
  6208 | D        | Killed from afar by a fire dragon

Vault maps used:
D:        dungeon_sprint_mu

Action                   |  1- 3 |  4- 6 |  7- 9 | 10-12 || total
-------------------------+-------+-------+-------+-------++-------
Melee: Flail             |    38 |    63 |   213 |   577 ||   891
Throw: Javelin           |       |       |       |     5 ||     5
Invok: Heroism           |       |       |     8 |    16 ||    24
       Finesse           |       |       |       |     5 ||     5
  Use: Potion            |     5 |     1 |     1 |     4 ||    11
       Scroll            |       |       |       |     1 ||     1
  Eat: Chunk             |       |     1 |     2 |     3 ||     6
       Royal jelly       |       |       |     2 |       ||     2
       Bread ration      |       |       |       |     2 ||     2
       Fruit             |       |       |       |     3 ||     3
